 Dungeon Crawl Stone Soup version 0.22-a0-247-gbddf880 (webtiles) character file.

60 nikopol the Firebug (level 3, 0/19 HPs)
             Began as a Deep Elf Fire Elementalist on Feb 24, 2018.
             Slain by an adder (2 damage)
             ... on level 2 of the Dungeon.
             The game lasted 00:04:02 (1676 turns).

nikopol the Firebug (Deep Elf Fire Elementalist)    Turns: 1676, Time: 00:04:02

Health: 0/19       AC:  2    Str:  5    XL:     3   Next: 80%
Magic:  4/10       EV: 13    Int: 20    God:
Gold:   22         SH:  0    Dex: 15    Spells: 3/9 levels left

rFire    . . .     SeeInvis .   h - -2 dagger (curse)
rCold    . . .     Gourm    .   (no shield)
rNeg     . . .     Faith    .   a - +0 robe
rPois    .         Spirit   .   (no helmet)
rElec    .         Reflect  .   (no cloak)
rCorr    .         Harm     .   (no gloves)
MR       .....                  (no boots)
Stlth    ++........             (no amulet)
HPRegen  0.06/turn              (no ring)
MPRegen  0.12/turn              (no ring)

@: lethally poisoned (0 -> -5)
A: no striking features
a: no special abilities


You were on level 2 of the Dungeon.
You were not hungry.

You visited 1 branch of the dungeon, and saw 2 of its levels.

You collected 22 gold pieces.

Inventory:

Hand Weapons
 h - a cursed -2 dagger (weapon)
Armour
 a - a +0 robe (worn)
Scrolls
 c - a scroll of fog {unknown}
 f - a scroll of remove curse {unknown}
 i - a scroll of immolation {unknown}
 j - 2 scrolls of amnesia {unknown}
 m - a scroll of identify {unknown}
Potions
 d - a potion of flight {unknown}
 e - 2 potions of invisibility {unknown}
 g - a potion of heal wounds {unknown}
 l - a potion of might {unknown}
Comestibles
 b - 4 rations
 k - a chunk of flesh


   Skills:
 + Level 2.6 Dodging
 + Level 2.8 Stealth
 + Level 3.9 Spellcasting
 + Level 1.9 Conjurations
 + Level 4.2 Fire Magic


You had 3 spell levels left.
You knew the following spells:

 Your Spells              Type           Power        Failure   Level  Hunger
a - Flame Tongue          Conj/Fire      ###..        3%          1    None
b - Throw Flame           Conj/Fire      ###...       5%          2    ##.....
c - Conjure Flame         Conj/Fire      ###.....     11%         3    ###....


Dungeon Overview and Level Annotations

Branches:
Dungeon (2/15)

Altars:

Annotations:
D:2 Sigmund


Message History

The adder closely misses you.
Casting: Flame Tongue (safe; 3% risk of failure)
Confirm with . or Enter, or press ? or * to list all spells.
Aiming: Flame Tongue (safe; 3% risk of failure)
Press: ? - help, Shift-Dir - straight line, f/p - adder
Aim: an adder (moderately wounded)
The flame tongue hits the adder.
The adder appears unharmed.
The adder is moderately wounded.
The adder bites you.
* * * LOW HITPOINT WARNING * * *
Casting: Flame Tongue (safe; 3% risk of failure)
Confirm with . or Enter, or press ? or * to list all spells.
Aiming: Flame Tongue (safe; 3% risk of failure)
Press: ? - help, Shift-Dir - straight line, f/p - adder
Aim: an adder (moderately wounded)
The flame tongue hits the adder.
The adder is heavily wounded.
* * * LOW HITPOINT WARNING * * *
You feel sick. The adder bites you.
You die...

.. ## .. ..
###. . #. ...
.. #. .. ...
#.#.##....
#..b...w..
#.@S# #...#
#...# #...#
#...# #...####
#......#
#...........
...............


You could see a worm, an adder and a bat.

Vanquished Creatures
  A gnoll (D:1)
  2 adders (D:2)
  5 bats (D:1)
  2 giant cockroaches (D:1)
  5 goblins (D:1)
  5 hobgoblins
  A jackal (D:1)
  2 kobolds (D:1)
  3 frilled lizards (D:1)
  2 rats (D:1)
28 creatures vanquished.

Notes
Turn   | Place    | Note
-------+----------+-------------------------------------------
     0 | D:1      | nikopol the Deep Elf Fire Elementalist began the quest for the Orb.
     0 | D:1      | Reached XP level 1. HP: 10/10 MP: 6/6
   482 | D:1      | Reached XP level 2. HP: 15/15 MP: 5/8
   792 | D:1      | Learned a level 2 spell: Throw Flame
  1010 | D:1      | Reached skill level 4 in Fire Magic
  1072 | D:1      | Reached XP level 3. HP: 14/19 MP: 3/10
  1494 | D:2      | Noticed Sigmund
  1536 | D:2      | Learned a level 3 spell: Conjure Flame
  1676 | D:2      | Slain by an adder

Vault maps used:
D:1:      eino_arrival_cavern_a, st_stairs_11, minivault_11
D:2:      first_ration, uniq_crazy_yiuf_cottage, uniq_sigmund

Skill      XL: |  1  2 |
---------------+-------+-----
Fire Magic     | 4 |  4.2
Dodging        | |  2.6
Stealth        | |  2.8
Spellcasting   | |  3.9
Conjurations   | |  1.9

Action                   || total
-------------------------++-------
 Cast: Flame Tongue      ||    60
  Eat: Chunk             ||     2
Armor: Robe              ||     6
Dodge: Dodged            ||    16

Table legend:
 A = Spawn XP
 B = Non-spawn XP
 C = Spawn XP percentage of total XP
 D = Spawn monster count
 E = Non-spawn monster count
 F = Spawn count percentage of total count
 G = Total turns spent on level
                    A         B        C        D         E        F      G
               +---------+---------+-------+---------+---------+-------+---------
         Total |       0 |      86 |   0.0 |       0 |      28 |   0.0 |  1676
               +---------+---------+-------+---------+---------+-------+---------
           D:1 |       0 |      57 |   0.0 |       0 |      25 |   0.0 |  1632
           D:2 |       0 |      29 |   0.0 |       0 |       3 |   0.0 |    44
               +---------+---------+-------+---------+---------+-------+---------
